 Dungeon Crawl Stone Soup version 0.20-a0-16-g0876c8e (webtiles) character file.

917 GlassEater the Covert (level 8, -1/57 HPs)
             Began as an Octopode Assassin on Nov 5, 2016.
             Was an Initiate of Dithmenos.
             Slain by a quasit (2 damage)
             ... summoned by Eustachio
             ... on level 6 of the Dungeon.
             The game lasted 00:10:13 (4867 turns).

GlassEater the Covert (Octopode Assassin)           Turns: 4867, Time: 00:10:14

Health: -1/57      AC:  1    Str: 10      XL:     8   Next: 9%
Magic:  8/8        EV: 14    Int: 13      God:    Dithmenos [......]
Gold:   293        SH:  0    Dex: 15 (16) Spells: 0 memorised, 7 levels left

rFire  . . .     SeeInvis .     a - +2 dagger
rCold  . . .     Gourm    +     (no shield)
rNeg   . . .     Faith    .     (helmet restricted)
rPois  .         Spirit   .     y - amulet of the gourmand
rElec  .         Reflect  .     k - ring of loudness (curse)
rCorr  .         Harm     .     w - ring of protection from magic
MR     +....                    (no ring)
Stlth  ++++......               (no ring)
                                (no ring)
                                (no ring)
                                (no ring)
                                (no ring)

@: no status effects
A: almost no armour, stealthy swim, amphibious, 8 rings, constrict 8, camouflage
1, gelatinous body 1
a: Renounce Religion


You were on level 6 of the Dungeon.
You worshipped Dithmenos.
Dithmenos was noncommittal.
You were very full.

You visited 2 branches of the dungeon, and saw 7 of its levels.

You collected 293 gold pieces.

Inventory:

Hand Weapons
 a - a +2 dagger (weapon)
 b - a +1 blowgun
Missiles
 c - 48 poisoned needles
 d - 2 curare-tipped needles
 p - 85 stones (quivered)
 t - 4 silver javelins
Jewellery
 k - a cursed ring of loudness (left tentacle)
 w - a ring of protection from magic (right tentacle)
 y - an amulet of the gourmand (around mantle)
Wands
 e - a wand of iceblast (6/15)
 B - a wand of enslavement (9/24)
Scrolls
 h - a scroll of enchant weapon
 j - 2 scrolls of teleportation
 A - 2 scrolls of remove curse {unknown}
Potions
 i - a potion of ambrosia
 l - 2 potions of invisibility
 q - a potion of lignification {unknown}
 r - 2 potions of might
 s - 3 potions of curing {unknown}
 u - a potion of flight {unknown}
 v - 2 potions of heal wounds
 x - a potion of berserk rage
 C - a potion of degeneration {unknown}
Comestibles
 f - 3 bread rations
 g - a royal jelly
 m - 4 fruits
 n - 3 meat rations
 o - a beef jerky
 z - a slice of pizza


   Skills:
 + Level 5.7 Fighting
 + Level 4.0 Short Blades
 + Level 2.7 Throwing
 + Level 3.0 Dodging
 + Level 9.0 Stealth


You had 7 spell levels left.
You didn't know any spells.

Dungeon Overview and Level Annotations

Branches:
Dungeon (6/15)             Temple (1/1) D:4

Altars:
Cheibriados
Dithmenos
Elyvilon
Fedhas
Hepliaklqana
Kikubaaqudgha
Makhleb
Nemelex Xobeh
Ru
Sif Muna
Trog
Uskayaw
Xom
Yredelemnul
The Shining One

Annotations:
D:3 lambinvoker's ghost, amateur MiBe
D:4 rocketpapaya's ghost, amateur TrTm
D:6 Eustachio


Innate Abilities, Weirdness & Mutations

You cannot wear most types of armour.
You are very stealthy in the water. (Stealth+)
You are amphibious.
You can wear up to eight rings at the same time.
You can use your tentacles to constrict eight enemies at once.
Your skin changes colour to match your surroundings (Stealth+).
Your rubbery body absorbs attacks. (AC +1, EV +1)


Message History

You squeeze Eustachio, but do no damage.
Eustachio is severely wounded.
You constrict Eustachio. The jackal misses you. The jackal closely misses you.
The shadow imp puffs mist at you. The shadow imp hits you.
* * * LOW HITPOINT WARNING * * *
The quasit bites you.
* * * LOW HITPOINT WARNING * * *
The quasit closely misses you. The quasit misses you.
You hit Eustachio.
Eustachio is severely wounded.
You constrict Eustachio. The jackal bites you.
* * * LOW HITPOINT WARNING * * *
The jackal closely misses you. Eustachio hits you with a rapier.
* * * LOW HITPOINT WARNING * * *
The shadow imp misses you. The quasit bites you.
* * * LOW HITPOINT WARNING * * *
You feel clumsy. The quasit closely misses you. The quasit claws you.
You die...

######
#....#
#....#
#h<..#
+hh..#
#@5h.#
#@5..#
#5...#
#....#
#....#
#.....
#....#.
######..


You could see Eustachio, a quasit, a white imp, a shadow imp and 4 jackals.

Vanquished Creatures
  Sigmund (D:4)
  An ogre (D:5)
  A centaur (D:5)
  Blork the orc (D:5)
  A howler monkey (D:5)
  A crimson imp (D:5)
  A centaur zombie (D:5)
  A jelly (D:5)
  A bullfrog skeleton (D:5)
  An iguana (D:5)
  4 orc wizards
  2 worker ants
  A hound zombie (D:5)
  A worker ant zombie (D:5)
  6 adders
  A shadow imp (D:5)
  An ooze (D:3)
  An adder zombie (D:5)
  A worm (D:2)
  3 dart slugs (D:2)
  7 leopard geckos
  9 orcs
  9 bats
  A giant cockroach (D:4)
  7 goblins
  10 hobgoblins
  3 jackals (D:5)
  4 kobolds
  A quokka (D:3)
  A ball python (D:2)
  4 frilled lizards
  2 leopard gecko skeletons (D:4)
  2 rats
91 creatures vanquished.

Vanquished Creatures (others)
  A human (D:3)
1 creature vanquished.

Grand Total: 92 creatures vanquished

Notes
Turn   | Place    | Note
-------+----------+-------------------------------------------
     0 | D:1      | GlassEater the Octopode Assassin began the quest for the Orb.
     0 | D:1      | Reached XP level 1. HP: 14/14 MP: 1/1
   220 | D:1      | Reached XP level 2. HP: 20/20 MP: 2/2
   835 | D:2      | Reached XP level 3. HP: 16/26 MP: 3/3
  1372 | D:2      | Reached XP level 4. HP: 26/33 MP: 4/4
  1906 | D:3      | Noticed lambinvoker's ghost (amateur MiBe)
  1988 | D:3      | Reached skill level 5 in Fighting
  1988 | D:3      | Reached XP level 5. HP: 39/39 MP: 5/5
  2290 | D:3      | Found an ancient bone altar of Kikubaaqudgha.
  2290 | D:3      | Noticed a human
  2293 | D:3      | Killed a human
  2751 | D:4      | Found a staircase to the Ecumenical Temple.
  2759 | Temple   | Entered the Ecumenical Temple
  2985 | Temple   | Became a worshipper of Dithmenos the Shadowed
  3009 | D:4      | Noticed rocketpapaya's ghost (amateur TrTm)
  3373 | D:4      | Noticed Sigmund
  3379 | D:4      | Killed Sigmund
  3379 | D:4      | Reached skill level 6 in Stealth
  3379 | D:4      | Reached XP level 6. HP: 36/45 MP: 6/6
  3460 | D:4      | Reached skill level 7 in Stealth
  3843 | D:5      | Entered Level 5 of the Dungeon
  3845 | D:5      | Reached XP level 7. HP: 50/50 MP: 7/7
  3946 | D:5      | Reached skill level 8 in Stealth
  4294 | D:5      | Found a shimmering altar of Xom.
  4301 | D:5      | Noticed Blork the orc
  4317 | D:5      | Killed Blork the orc
  4417 | D:5      | Reached XP level 8. HP: 36/56 MP: 8/8
  4594 | D:5      | Reached skill level 9 in Stealth
  4855 | D:6      | Noticed Eustachio
  4867 | D:6      | HP: 1/57 [quasit[Eustachio] (2)]
  4867 | D:6      | Slain by a quasit

Vault maps used:
D:1:      dpeg_arrival_ternary
D:3:      first_bread, hex_medium, tgw_kikubaaqudgha
D:4:      uniq_sigmund
D:5:      lemuel_crystal_altar, uniq_blork_the_orc
D:6:      lemuel_doored_altar, uniq_eustachio
Temple:   minmay_temple_curvy_branch

Skill      XL: |  1  2  3  4  5  6  7  8 |
---------------+-------------------------+-----
Fighting       | 3 4 5 |  5.7
Stealth        | 6 7 8 9 |  9.0
Dodging        | 2 3 |  3.0
Short Blades   | 3 4 |  4.0
Throwing       | |  2.7

Action                   |  1- 3 |  4- 6 |  7- 9 || total
-------------------------+-------+-------+-------++-------
Melee: Dagger            |    53 |   116 |    68 ||   237
       Tentacles         |     9 |    21 |    15 ||    45
       Constrict         |    14 |    30 |    12 ||    56
 Fire: Blowgun           |       |       |    11 ||    11
  Use: Scroll            |       |       |    14 ||    14
 Stab: Sleeping          |     8 |     9 |     4 ||    21
  Eat: Chunk             |     1 |    13 |     9 ||    23
Armor: Skin              |     5 |     5 |     5 ||    15
Dodge: Dodged            |    25 |    63 |    58 ||   146
